 Dungeon Crawl Stone Soup version 0.27.1-33-g824d729ab1 (webtiles) character file.

Game seed: 488677628201795119

2 Destapler the Grave Robber (level 1, 0/15 HPs)
             Began as a Deep Dwarf Necromancer on Dec 24, 2021.
             Slain by a quokka (4 damage)
             ... on level 1 of the Dungeon.
             The game lasted 00:02:05 (281 turns).

Destapler the Grave Robber (Deep Dwarf Necromancer)  Turns: 281, Time: 00:02:06

Health: 0/15       AC:  2    Str: 11    XL:     1   Next: 25%
Magic:  2/3        EV: 12    Int: 15    God:
Gold:   33         SH:  0    Dex: 13    Spells: 2/3 levels left

rFire    . . .     SeeInvis .   b - +0 whip
rCold    . . .     Faith    .   (no shield)
rNeg     . . .     Spirit   .   a - +0 robe
rPois    .         Reflect  .   (no helmet)
rElec    .         Harm     .   (no cloak)
rCorr    .         Rampage  .   (no gloves)
Will     .....                  (no boots)
Stlth    ++........             (no amulet)
HPRegen  0.00/turn              (no ring)
MPRegen  0.08/turn              (no ring)

@: no status effects
A: damage resistance, heal wounds, sense surroundings 1, no regeneration
a: Heal Wounds


You were on level 1 of the Dungeon.
You visited 1 branch of the dungeon, and saw 1 of its levels.

You collected 33 gold pieces.

Inventory:

Hand Weapons
 b - a +0 whip (weapon)
Missiles
 d - 18 poisoned darts
Armour
 a - a +0 robe (worn)
Scrolls
 c - a scroll of identify {unknown}


   Skills:
 + Level 0.0 Fighting
 + Level 0.0 Axes
 + Level 0.0 Throwing
 + Level 0.0 Armour
 + Level 2.2 Dodging
 + Level 2.4 Stealth
 + Level 0.0 Shields
 + Level 1.7 Spellcasting
 + Level 4.4 Necromancy


You had 2 spell levels left.
You knew the following spells:

 Your Spells              Type           Power      Damage    Failure   Level
a - Pain                  Necr           56%        1d6       3%          1

Your spell library contained the following spells:

 Spells                   Type           Power      Damage    Failure   Level
 Animate Skeleton         Necr           28%        N/A       3%          1
 Corona                   Hex            1%         N/A       22%         1
 Ensorcelled Hibernation  Hex/Ice        2%         N/A       34%         2
 Vampiric Draining        Necr           7%         2d7       11%         3
 Animate Dead             Necr           7%         N/A       36%         4
 Tukima's Dance           Hex            1%         N/A       56%         3
 Agony                    Necr           14%        N/A       71%         5


Dungeon Overview and Level Annotations

Branches:
Dungeon (1/15)

Altars:


Innate Abilities, Weirdness & Mutations

You are resistant to damage.
You can heal yourself by infusing magical energy.
You passively map a small area around you.
You do not regenerate.


Message History

Found 2 gold pieces.
There is a stone staircase leading down here.
You now have 9 gold pieces (gained 2).
Found 14 gold pieces.
You now have 23 gold pieces (gained 14).
A rat comes into view.
A rat is nearby!
The rat barely resists.
The rat writhes in agony.
You kill the rat!
Found 18 poisoned darts.
d - 18 poisoned darts
Found 10 gold pieces.
You now have 33 gold pieces (gained 10).
Found 23 sling bullets.
A quokka comes into view.
You see here 23 sling bullets.
A gnoll comes into view. It is wielding a +0 spear.
The gnoll shouts!
The gnoll hits you with a +0 spear!
The gnoll writhes in agony.
The gnoll hits you with a +0 spear. The quokka barely misses you.
The gnoll writhes in agony.
The quokka barely misses you. The gnoll closely misses you.
The gnoll writhes in agony.
The quokka bites you.
* * * LOW HITPOINT WARNING * * *
The gnoll hits you but does no damage. The quokka misses you.
The gnoll completely misses you. The quokka barely misses you.
You see here 23 sling bullets.
The quokka barely misses you. The quokka bites you. The quokka bites you.
* * * LOW HITPOINT WARNING * * *
Found a Fen Folio.
Found a scroll labelled UKHLYI XIUG.
The quokka closely misses you. The quokka bites you. The quokka bites you.
You die...

* ##.#####......... *,
................. #.# #?.#
##.###.<......... #.......
,........#######.. #.#.#.#
##.>....##...##.. #....#
#####..#.###.#.. #######.#.#
#..#.#8'.'.. ..........#
##########..#.###.#..
###.....#####.gr@.......##...##..
...........##.########..####+##..
###.######....# #........... #.#
###### #........... #.#
#.....###..# #.# #....## #... #.#
####.# #.## #.# #)# #.# #.## #.#
#.#


You could see a gnoll and a quokka.

Vanquished Creatures
  A goblin (D:1)
  A rat (D:1)
2 creatures vanquished.

Notes
Turn   | Place    | Note
-------+----------+-------------------------------------------
     0 | D:1      | Destapler the Deep Dwarf Necromancer began the quest for
                  | the Orb.
     0 | D:1      | Reached XP level 1. HP: 15/15 MP: 3/3
   281 | D:1      | Slain by a quokka

Illustrated notes

Levels and vault maps discovered:
D:1:      minmay_arrival_stone_box, layout_loops_ring,
          shapermc_ecumenical_altar_pompeii

Action                   || total
-------------------------++-------
 Cast: Pain              ||     6
Armor: Robe              ||     1
Dodge: Dodged            ||     8
